 Dungeon Crawl Stone Soup version 0.17-a0-477-g451446c (webtiles) character file.

72 Radiman the Chopper (level 4, -11/38 HPs)
             Began as a Centaur Fighter on Apr 7, 2015.
             Mangled by Radiman's ghost (18 damage)
             ... on level 3 of the Dungeon.
             The game lasted 00:05:55 (2138 turns).

Radiman the Chopper (Centaur Fighter)               Turns: 2138, Time: 00:05:56

Health: -11/38     AC:  6    Str: 18    XL:     4   Next: 7%
Magic:  4/4        EV:  5    Int:  7    God:
Gold:   68         SH:  8    Dex: 10    Spells: 0 memorised, 3 levels left

rFire  . . .     SeeInvis .     a - +0 war axe
rCold  . . .     Clarity  .     b - +0 scale mail
rNeg   . . .     SustAb   .     c - +0 shield
rPois  .         Gourm    .     (no helmet)
rElec  .         Spirit   .     (no cloak)
rCorr  .         Warding  .     (no gloves)
rMut   .         Stasis   .     (no barding)
MR     .....                    (no amulet)
Stlth  ..........               (no ring)
                                (no ring)

@: very quick, not resistant to hostile enchantments, extremely unstealthy
A: hooves 3, deformed body, speed 2, tough skin 3
a: no special abilities


You were on level 3 of the Dungeon.
You were not hungry.

You visited 1 branch of the dungeon, and saw 3 of its levels.

You collected 68 gold pieces.

Inventory:

Hand weapons
 a - a +0 war axe (weapon)
Missiles
 f - 19 poisoned needles
Armour
 b - a +0 scale mail (worn)
 c - a +0 shield (worn)
Scrolls
 g - a scroll of teleportation {unknown}
 h - a scroll of random uselessness {unknown}
 j - 2 scrolls of remove curse {unknown}
 m - a scroll of identify {unknown}
 o - a scroll of recharging {unknown}
Potions
 e - a potion of might
 i - a potion of experience {unknown}
 l - 2 potions of poison {unknown}
 n - a potion of lignification {unknown}
 p - a potion of restore abilities {unknown}
Comestibles
 d - 4 bread rations
 k - a meat ration
 q - a beef jerky
 r - 2 chunks of flesh


   Skills:
 - Level 3.0 Fighting
 * Level 3.9 Axes
 - Level 2.1 Armour
 - Level 0.2 Dodging
 - Level 0.1 Stealth
 - Level 2.1 Shields


You had 3 spell levels left.
You didn't know any spells.

Dungeon Overview and Level Annotations

Branches:
Dungeon (3/15)

Altars:

Annotations:
D:2 Sigmund
D:3 Radiman's ghost, average CeFi


Innate Abilities, Weirdness & Mutations

You have hooves in place of feet.
Armour fits poorly on your strangely shaped body.
You cover ground very quickly.
You have extremely tough skin (AC +3).


Message History

Found a stone staircase leading down.
Radiman's ghost (average Centaur Fighter) comes into view.
Radiman's ghost turns its malevolent gaze towards you.
Radiman's ghost says, "They lied to you.
The Dungeon just goes down and down forever."
A rat comes into view.
As you open the door, it creaks loudly! Radiman's ghost hits you!
You hit Radiman's ghost.
Radiman's ghost is lightly damaged.
Radiman's ghost hits you!!
Ouch! That really hurt!
* * * LOW HITPOINT WARNING * * *
You closely miss Radiman's ghost. Your kick misses Radiman's ghost.
Radiman's ghost is lightly damaged.
Radiman's ghost hits you but does no damage.
You block Radiman's ghost's attack.
You hit Radiman's ghost.
Radiman's ghost is lightly damaged.
Radiman's ghost hits you!!
You die...

.#.#.# ..#.#.#.
#.#.#.#. #.#.#.. #
#.....### ...
#....... ....
#.....#######
.....
#.....'.......
.......##.W@..####
r.........#.##...#
####+######.##...#
#....#>##..<#
#.##.####...###.#
#.##<...........#
#.###############
#.##....#
#.##.##.#


You could see Radiman's ghost.

Vanquished Creatures
  3 adders (D:2)
  2 worms (D:2)
  A giant gecko (D:2)
  2 giant cockroaches (D:1)
  2 goblins (D:1)
  6 hobgoblins
  2 jackals (D:1)
  5 kobolds (D:1)
  A quokka (D:2)
  A ball python (D:1)
  3 bats
  A giant newt (D:1)
  6 rats
35 creatures vanquished.

Notes
Turn   | Place    | Note
--------------------------------------------------------------
     0 | D:1      | Radiman, the Centaur Fighter, began the quest for the Orb.
     0 | D:1      | Reached XP level 1. HP: 19/19 MP: 1/1
   133 | D:1      | Reached XP level 2. HP: 13/26 MP: 2/2
  1220 | D:2      | Reached XP level 3. HP: 31/31 MP: 3/3
  1262 | D:2      | Noticed Sigmund
  1794 | D:2      | Reached XP level 4. HP: 20/38 MP: 4/4
  2126 | D:3      | Noticed Radiman's ghost (average CeFi)
  2138 | D:3      | Mangled by Radiman's ghost

Action                   |  1- 3 |  4- 6 || total
-------------------------+-------+-------++-------
Melee: War axe           |   125 |     6 ||   131
  Eat: Chunk             |     2 |     1 ||     3
